 Dungeon Crawl Stone Soup version 0.27.1-3-gb3d3a73c9e (webtiles) character file.

Game seed: 14609264983654026707

151 Crownlay the Slasher (level 5, 0/48 HPs)
             Began as a Minotaur Berserker on Oct 23, 2021.
             Was a Believer of Trog.
             Slain by a black bear (4 damage)
             ... on level 3 of the Dungeon.
             The game lasted 00:01:57 (2711 turns).

Crownlay the Slasher (Minotaur Berserker)           Turns: 2711, Time: 00:01:58

Health: 0/48       AC:  2    Str: 23    XL:     5   Next: 11%
Magic:  4/4        EV: 12    Int:  4    God:    Trog [**....]
Gold:   46         SH:  0    Dex:  9    Spells: 4/4 levels left

rFire    . . .     SeeInvis .   a - +0 falchion
rCold    . . .     Faith    .   (no shield)
rNeg     . . .     Spirit   .   b - +0 animal skin
rPois    .         Reflect  .   (helmet restricted)
rElec    .         Harm     .   (no cloak)
rCorr    .         Rampage  .   (no gloves)
Will     ++...                  (no boots)
Stlth    +.........             (no amulet)
HPRegen  1.16/turn              (no ring)
MPRegen  0.09/turn              (no ring)

@: strong-willed, regenerating
A: horns 2, retaliatory headbutt
a: Renounce Religion, Berserk, Trog's Hand


You were on level 3 of the Dungeon.
You worshipped Trog.
Trog was pleased with you.
You visited 1 branch of the dungeon, and saw 3 of its levels.

You collected 46 gold pieces.

Inventory:

Hand Weapons
 a - a +0 falchion (weapon)
Missiles
 k - 5 boomerangs (quivered)
Armour
 b - a +0 animal skin (worn)
Scrolls
 c - 2 scrolls of identify {unknown}
 g - 3 scrolls of teleportation {unknown}
 h - a scroll of magic mapping {unknown}
 i - 2 scrolls of enchant armour {unknown}
 j - a scroll of fog {unknown}
Potions
 d - a potion of curing {unknown}
 e - a potion of heal wounds {unknown}
 f - a potion of cancellation {unknown}


   Skills:
 + Level 5.0 Fighting
 * Level 6.1 Long Blades
 - Level 2.4 Armour
 - Level 2.1 Dodging


You had 4 spell levels left.
You didn't know any spells.
Your spell library was empty.

Dungeon Overview and Level Annotations

Branches:
Dungeon (3/15)

Altars:
Makhleb


Innate Abilities, Weirdness & Mutations

You have a pair of horns on your head.
You reflexively headbutt those who attack you in melee.


Message History

The boomerang hits the worm but does no damage.
You throw a boomerang. The boomerang hits the worm!
The worm is heavily wounded.
A black bear comes into view.
You throw a boomerang. The boomerang barely misses the worm.
The black bear growls angrily.
You throw a boomerang. The boomerang hits the worm!
The worm is severely wounded.
You throw a boomerang. The boomerang barely misses the worm.
You throw a boomerang. The boomerang hits the worm.
The worm is almost dead.
You barely miss the black bear. The black bear bites you.
The black bear barely misses you. The black bear closely misses you.
You barely miss the black bear. The black bear bites you.
The black bear claws you but does no damage.
The black bear barely misses you.
You slash the black bear!
The black bear is moderately wounded.
The black bear bites you. The black bear claws you. x2
You barely miss the worm. Your headbutt misses the worm.
The worm is severely wounded.
The black bear barely misses you. The black bear claws you.
The black bear barely misses you.
You hit the worm but do no damage.
The worm is severely wounded.
The worm bites you! The black bear bites you! The black bear claws you.
* * * LOW HITPOINT WARNING * * *
The black bear closely misses you.
You are too injured to fight recklessly!
You are too injured to fight recklessly!
You are too injured to fight recklessly!
Okay, then.
Your skin crawls.
You feel strong-willed. The worm bites you!
* * * LOW HITPOINT WARNING * * *
The black bear completely misses you.
You riposte.
You hit the black bear.
The black bear is heavily wounded.
The black bear claws you.
You die...

#.........##... #. #.
#........###... # .##.#
#............... ..
.................#...
.......##..........#....
.....................#.#
...†.#.##..........###.#
..................## #.#
......w@..........## #.#
......##h..........# #.#
..... #............# #.#
.... #.#..........# #.#
... #.#..........# #.#
.. #.#...........##.# .
#.##........#..#
...#...(...###.###
.....####### #....


You could see a black bear and a worm.

Vanquished Creatures
  An orc priest (D:3)
  6 adders
  2 dart slugs (D:1)
  A worm (D:2)
  9 orcs
  5 ball pythons
  3 endoplasms
  3 giant cockroaches
  A goblin (D:1)
  2 hobgoblins
  3 jackals (D:3)
  2 kobolds (D:1)
  3 quokkas
  4 bats
  4 frilled lizards
  8 rats
57 creatures vanquished.

Notes
Turn   | Place    | Note
-------+----------+-------------------------------------------
     0 | D:1      | Crownlay the Minotaur Berserker began the quest for the
                  | Orb.
     0 | D:1      | Reached XP level 1. HP: 19/19 MP: 0/0
   198 | D:1      | Reached skill level 4 in Long Blades
   339 | D:1      | Reached XP level 2. HP: 24/27 MP: 1/1
   464 | D:1      | Reached ** piety under Trog
  1011 | D:2      | Reached XP level 3. HP: 31/33 MP: 2/2
  2056 | D:2      | Reached skill level 5 in Long Blades
  2249 | D:3      | Found a burning altar of Makhleb.
  2341 | D:3      | Reached XP level 4. HP: 10/41 MP: 3/3
  2361 | D:3      | Reached skill level 6 in Long Blades
  2515 | D:3      | Reached XP level 5. HP: 45/47 MP: 4/4
  2695 | D:3      | Reached skill level 5 in Fighting
  2701 | D:3      | Noticed a black bear
  2711 | D:3      | Slain by a black bear

Illustrated notes

Levels and vault maps discovered:
D:1:      heliophobic_arrival_glass_houses, layout_rooms
D:2:      layout_basic
D:3:      layout_rooms, lemuel_tele_altar, mainiacjoe_overflow_alcove_2,
          minmay_unequal, uniq_crazy_yiuf_cottage, uniq_sigmund

Skill      XL: |  1  2  3  4  5 |
---------------+----------------+-----
Long Blades    | 4 5 6 |  6.1
Fighting       | 4 5 |  5.0
Armour         | |  2.4
Dodging        | |  2.1

Action                   |  1- 3 |  4- 6 || total
-------------------------+-------+-------++-------
Melee: Falchion          |    83 |    36 ||   119
       Headbutt          |    10 |     9 ||    19
Throw: Boomerang         |       |    10 ||    10
Invok: Berserk           |     1 |       ||     1
       Trog's Hand       |     1 |     2 ||     3
Armor: Animal skin       |    15 |     5 ||    20
Dodge: Dodged            |    60 |    25 ||    85
       Rpst.: Falchion   |    11 |     8 ||    19
